 Dungeon Crawl Stone Soup version 0.26.1-2-gb8aa6d0cf2 (webtiles) character file.

Game seed: 7723649939106859183

14186 Eitelfritz the Carver (level 12, -1/103 HPs)
             Began as a Hill Orc Fighter on Mar 26, 2021.
             Was a High Priest of Zin.
             Slain by a phantasmal warrior (15 damage)
             ... led by a death knight
             ... on level 12 of the Dungeon.
             The game lasted 00:33:40 (13257 turns).

Eitelfritz the Carver (Hill Orc Fighter)           Turns: 13257, Time: 00:33:42

Health: -1/103     AC: 18    Str: 27    XL:     12   Next: 13%
Magic:  20/20      EV: 12    Int: 13    God:    Zin [*****.]
Gold:   735        SH: 13    Dex: 14    Spells: 11/11 levels left

rFire    + . .     SeeInvis .   a - +5 scimitar
rCold    + . .     Faith    .   c - +1 kite shield
rNeg     . . .     Spirit   .   f - quicksilver dragon scales
rPois    ∞         Reflect  .   (no helmet)
rElec    +         Harm     .   b - +2 cloak {Stlth+}
rCorr    +         Rampage  .   x - +2 pair of gloves
Will     .....                  (no boots)
Stlth    +++.......             r - amulet of the acrobat
HPRegen  0.27/turn              g - ring of flight
MPRegen  0.17/turn              H - ring of stealth

@: vitalised, about to teleport, resistant, weak-willed, slowed, very slow
A: no striking features
a: Renounce Religion, Evoke Flight, Recite, Vitalisation, Imprison, Sanctuary,
Donate Gold


You were on level 12 of the Dungeon.
You worshipped Zin.
Zin was extremely pleased with you.
You visited 2 branches of the dungeon, and saw 13 of its levels.

You collected 816 gold pieces.
You donated 81 gold pieces to Zin.

Inventory:

Hand Weapons
 a - a +5 scimitar (weapon)
 m - a +1 mace of protection
 q - a +0 shortbow
 D - a +1 long sword
Missiles
 t - 15 poisoned darts (quivered)
 u - 184 arrows
Armour
 b - a +2 cloak of stealth (worn)
 c - a +1 kite shield (worn)
 f - quicksilver dragon scales (worn)
 o - a +0 plate armour
 x - a +2 pair of gloves (worn)
Jewellery
 g - a ring of flight (left hand)
 r - an amulet of the acrobat (around neck)
 H - a ring of stealth (right hand)
Wands
 E - a wand of paralysis (8)
Scrolls
 e - a scroll of fear
 h - a scroll of immolation
 j - 6 scrolls of remove curse
 p - 11 scrolls of teleportation
 v - 2 scrolls of enchant weapon
 w - 2 scrolls of magic mapping
 y - 3 scrolls of amnesia
 z - a scroll of fog
Potions
 d - 2 potions of might
 i - 3 potions of attraction
 k - 4 potions of ambrosia
 l - 2 potions of resistance
 s - 3 potions of mutation
 A - a potion of brilliance
 B - 2 potions of lignification
 C - a potion of flight
 G - a potion of cancellation
Miscellaneous
 F - a lightning rod (4/4)
 I - a phial of floods


   Skills:
 + Level 8.7 Fighting
 + Level 11.8 Long Blades
 + Level 1.4 Throwing
 + Level 7.0 Armour
 + Level 4.0 Dodging
 + Level 3.3 Stealth
 + Level 9.2 Shields
 * Level 11.5 Invocations


You had 11 spell levels left.
You didn't know any spells.
Your spell library contained the following spells:

 Spells                   Type           Power        Failure   Level
 Magic Dart               Conj           0%           67%         1
 Blink                    Tloc           N/A          80%         2
 Call Imp                 Summ           0%           80%         2
 Slow                     Hex            0%           80%         2
 Conjure Flame            Conj/Fire      0%           95%         3
 Mephitic Cloud           Conj/Pois/Air  0%           95%         3


Dungeon Overview and Level Annotations

Branches:
Dungeon (12/15)            Temple (1/1) D:7            Lair (0/6) D:11
    Orc: D:9-12

Altars:
Ashenzari
Cheibriados
Dithmenos
Elyvilon
Fedhas
Gozag
Hepliaklqana
Kikubaaqudgha
Makhleb
Nemelex Xobeh
Okawaru
Qazlal
Ru
Sif Muna
Trog
Uskayaw
Vehumet
Wu Jian
Xom
Yredelemnul
Zin
The Shining One

Annotations:
D:5 Prince Ribbit


Message History

The phantasmal warrior is heavily damaged.
You barely miss the phantasmal warrior.
The phantasmal warrior is heavily damaged.
The phantasmal warrior hits you.
* * * LOW HITPOINT WARNING * * *
The death knight offers itself to Yredelemnul, and fills with unholy energy.
The freezing wraith hits you but does no damage.
The freezing wraith hits you.
* * * LOW HITPOINT WARNING * * *
The freezing wraith drains your vigour!
You feel yourself slow down.
You hit the phantasmal warrior.
The phantasmal warrior is severely damaged.
You block the phantasmal warrior's attack.
As you read the scroll of teleportation, it crumbles to dust.
You feel strangely unstable.
You block the phantasmal warrior's attack.
The freezing wraith closely misses you.
You riposte.
You completely miss the freezing wraith.
The freezing wraith barely misses you. The phantasmal warrior hits you!
You die...

#... ##### #..... ##...##
#......
###########.....#####....$..
............)...............
###########......###.......§
##.....# #.#......
##.##W###.......p #
#.##@Wp..###...# #
#.######## # # ##.## #
#####.#.######## #
#..<.###........ #
#.###.#.######## # #.# ##.##
########.# #.# ..†......#
#.#


You could see a death knight (reflects damage), a phantasmal warrior and a
freezing wraith (confused).

Vanquished Creatures
  Josephine (D:10)
  4 two-headed ogres
  An unseen horror (D:12)
  Pikel (D:5)
  An ugly thing (D:12)
  Joseph (D:7)
  A gargoyle (D:10)
  2 centaur skeletons (D:10)
  A komodo dragon (D:11)
  A freezing wraith (D:12)
  2 trolls (D:10)
  4 wraiths (D:10)
  A wyvern (D:8)
  10 yaks
  A steam dragon (D:10)
  3 water moccasins
  Duvessa (D:4)
  3 black bears
  2 orc warriors
  An ice beast (D:6)
  3 phantoms
  6 ogres
  8 centaurs
  A big kobold (D:11)
  5 bullfrogs
  Dowan (D:4)
  A water moccasin skeleton (D:6)
  2 scorpions
  4 killer bees (D:10)
  5 wights (D:9)
  4 howler monkeys
  A jelly (D:9)
  A bullfrog zombie (D:10)
  3 centaur zombies
  2 hounds (D:10)
  An orc priest (D:4)
  Crazy Yiuf (D:5)
  7 orc wizards
  4 bullfrog skeletons
  An iguana (D:7)
  Jessica (D:3)
  7 worker ants
  A killer bee zombie (D:9)
  A hound zombie (D:8)
  A hound skeleton (D:4)
  3 worker ant zombies
  21 adders
  A shadow imp (D:3)
  2 white imps
  An ufetubus (D:10)
  6 worms
  8 dart slugs (D:4)
  3 leopard geckos
  34 orcs
  5 giant cockroaches
  8 goblins
  3 hobgoblins
  16 jackals
  14 kobolds
  2 quokkas
  2 ball pythons
  5 bats
  6 frilled lizards
  A quokka zombie (D:7)
  A rat (D:3)
256 creatures vanquished.

Vanquished Creatures (others)
  A wizard (D:10)
  An ogre (D:6)
  A gnoll sergeant (D:6)
  A white imp (D:6)
  An ufetubus (D:6)
  2 orcs (D:6)
  A jackal (D:6)
  36 fungi (D:11)
  36 plants (D:11)
80 creatures vanquished.

Grand Total: 336 creatures vanquished

Notes
Turn   | Place    | Note
-------+----------+-------------------------------------------
     0 | D:1      | Eitelfritz the Hill Orc Fighter began the quest for the
                  | Orb.
     0 | D:1      | Reached XP level 1. HP: 19/19 MP: 1/1
   283 | D:1      | Reached XP level 2. HP: 27/27 MP: 2/2
   814 | D:2      | Reached XP level 3. HP: 24/33 MP: 3/3
  1130 | D:2      | Reached XP level 4. HP: 40/40 MP: 4/4
  1652 | D:3      | Found a broken altar of Ashenzari.
  1801 | D:3      | Found a glowing silver altar of Zin.
  1804 | D:3      | Became a worshipper of Zin the Law-Giver
  1804 | D:3      | Reached * piety under Zin
  1857 | D:3      | Found a burning altar of Makhleb.
  1955 | D:3      | Noticed Jessica
  1968 | D:3      | Killed Jessica
  1969 | D:3      | Reached XP level 5. HP: 46/46 MP: 5/5
  1979 | D:3      | Found a glowing golden altar of the Shining One.
  2122 | D:3      | Noticed an ogre
  2143 | D:3      | Zin protects you from harm!
  2144 | D:3      | Killed an ogre
  2145 | D:3      | Reached skill level 1 in Invocations
  2147 | D:3      | Reached XP level 6. HP: 6/52 MP: 5/7
  2875 | D:4      | Noticed Duvessa
  2875 | D:4      | Noticed Dowan
  2896 | D:4      | Killed Duvessa
  2897 | D:4      | Reached skill level 1 in Dodging
  2928 | D:4      | Reached XP level 7. HP: 60/60 MP: 9/9
  2943 | D:4      | Reached skill level 5 in Long Blades
  2961 | D:4      | Killed Dowan
  3114 | D:4      | Reached ** piety under Zin
  3876 | D:4      | Reached skill level 5 in Armour
  3876 | D:4      | Reached skill level 5 in Shields
  4149 | D:4      | Found a sparkling altar of Nemelex Xobeh.
  4223 | D:5      | Entered Level 5 of the Dungeon
  4657 | D:5      | Reached XP level 8. HP: 63/67 MP: 11/11
  4741 | D:5      | Found a runed translucent door.
  4742 | D:5      | Noticed Crazy Yiuf
  4849 | D:5      | Noticed Prince Ribbit
  4850 | D:5      | Noticed Pikel
  4877 | D:5      | Killed Pikel
  4878 | D:5      | Reached skill level 5 in Fighting
  4878 | D:5      | Reached skill level 1 in Stealth
  4878 | D:5      | Reached skill level 5 in Invocations
  5288 | D:5      | Reached *** piety under Zin
  5569 | D:5      | Killed Crazy Yiuf
  6021 | D:6      | Found a shimmering altar of Xom.
  6258 | D:6      | Reached XP level 9. HP: 72/74 MP: 13/13
  6396 | D:6      | Reached **** piety under Zin
  6432 | D:6      | Found a sacrificial altar of Ru.
  7121 | D:7      | Found a staircase to the Ecumenical Temple.
  7221 | D:7      | Noticed Joseph
  7259 | D:7      | Killed Joseph
  7433 | Temple   | Entered the Ecumenical Temple
  8556 | D:9      | Reached ***** piety under Zin
  8720 | D:9      | Noticed a two-headed ogre
  8743 | D:9      | Killed a two-headed ogre
  8744 | D:9      | Reached skill level 1 in Throwing
  8744 | D:9      | Reached XP level 10. HP: 43/84 MP: 15/15
  9138 | D:9      | Noticed a two-headed ogre
  9152 | D:9      | Killed a two-headed ogre
  9594 | D:9      | Found a shimmering blue altar of Sif Muna.
  9657 | D:10     | Entered Level 10 of the Dungeon
 10098 | D:10     | Noticed a gargoyle
 10118 | D:10     | Killed a gargoyle
 10217 | D:10     | Reached skill level 10 in Long Blades
 10234 | D:10     | Reached XP level 11. HP: 85/92 MP: 18/18
 10275 | D:10     | Noticed Josephine
 10287 | D:10     | Killed Josephine
 10288 | D:10     | Reached skill level 10 in Invocations
 10976 | D:10     | Noticed a two-headed ogre
 10987 | D:10     | Killed a two-headed ogre
 11011 | D:10     | Found a bloodstained altar of Trog.
 11012 | D:10     | Noticed a wizard
 11018 | D:10     | Killed a wizard
 11648 | D:11     | Found a staircase to the Lair.
 11711 | D:11     | Noticed a two-headed ogre
 11718 | D:11     | Killed a two-headed ogre
 13005 | D:12     | Noticed a green ugly thing
 13027 | D:12     | Killed a green ugly thing
 13043 | D:12     | Reached XP level 12. HP: 74/103 MP: 20/20
 13229 | D:12     | Noticed a death knight
 13257 | D:12     | Slain by a phantasmal warrior

Illustrated notes

Levels and vault maps discovered:
D:1:      minmay_arrival_plants_in_alcoves, layout_loops_ring,
          serial_bayou_crossing
D:2:      layout_basic
D:3:      layout_loops_cross, nicolae_overflow_crystal_walls,
          evilmike_ruin_ashenzari, old_standard_altar, zin_statuary,
          minmay_divided_ellipse, uniq_jessica
D:4:      kennysheep_slugbush, layout_basic, nemelex_xobeh_ov_fountains_minmay,
          uniq_duvessa
D:5:      layout_loops_corners, grunt_ministairs_8, uniq_prince_ribbit1,
          uniq_crazy_yiuf_cottage, uniq_pikel
D:6:      layout_layer_cave, marbit_many_paths, xom_confusion_cloud
D:7:      layout_basic, minmay_temple_entry_gardened_gates, uniq_joseph
D:8:      layout_gridville
D:9:      layout_basic, lemuel_coloured_pillars_altar
D:10:     layout_stronghold, trog_wizard, uniq_josephine
D:11:     layout_gridville, due_lair_maze_entry_diamond
D:12:     minmay_shrinking_squares, layout_loops_ring, orc_0_dummy,
          kennysheep_generic_room_4
Temple:   eino_temple_water

Skill      XL: |  1  2  3  4  5  6  7  8  9 10 11 12 |
---------------+-------------------------------------+-----
Long Blades    | 3 4 5 7 9 10 11 | 11.8
Shields        | 4 5 7 9 |  9.2
Fighting       | 4 5 6 7 8 |  8.7
Armour         | 4 5 6 7 |  7.0
Invocations    | 2 3 4 5 7 9 11 | 11.5
Dodging        | 1 2 3 4 |  4.0
Stealth        | 1 2 3 |  3.3
Throwing       | 1 |  1.4

Action                   |  1- 3 |  4- 6 |  7- 9 | 10-12 || total
-------------------------+-------+-------+-------+-------++-------
Melee: Long sword        |    70 |   147 |   507 |    63 ||   787
       Scimitar          |       |       |       |   379 ||   379
Throw: Dart              |       |       |    11 |     4 ||    15
Invok: Recite            |       |     2 |    16 |    19 ||    37
       Vitalisation      |       |       |     2 |     8 ||    10
  Use: Potion            |       |     2 |     4 |     1 ||     7
       Scroll            |       |       |    16 |     7 ||    23
 Stab: Confused          |       |       |     4 |     2 ||     6
       Paralysed         |       |       |     3 |     6 ||     9
       Invisible         |       |       |     1 |       ||     1
       Distracted        |       |       |       |     1 ||     1
       Sleeping          |       |       |       |     1 ||     1
Armor: Quicksilver drago |    46 |    82 |   202 |   163 ||   493
       Scale mail        |     2 |       |       |       ||     2
Dodge: Dodged            |    31 |    48 |   185 |   181 ||   445
Block: Kite shield       |    58 |    59 |   282 |   284 ||   683
       Rpst.: Long sword |     9 |    17 |    55 |     4 ||    85
       Scimitar          |       |       |       |    44 ||    44
